AoeStats
← GN | Vortex 渦

Black Forest

507838575Analyzed
4v4 RM · 12d ago on Sep 19, 2026· 43m 2s· 8 players
Game mode
Random Map
Map size
Large (8 player)
Population
200
Speed
Normal
Resources
Standard
Victory
Conquest
Starting age
Dark Age
Ending age
Imperial Age
RankedLock teamsTeams togetherTeam positionsShared explorationLock speedFull tech treeHidden civsTurbo modeCheats
Victory
Defeat
🇧🇷 Bohemians · Brazil
1359
+13
🇵🇪 Japanese · Peru
1357
+13
🇨🇱 Cumans · Chile
1328
+14
🇦🇷 Mongols · Argentina
1266
+16
🇨🇳 Turks · China
1358
-16
🇵🇱 Burgundians · Poland
1335
-16
🇸🇪 Chinese · Sweden
1325
-16
🇸🇰 Maya · Slovakia
1108
-8
GN | Vortex 渦
6:30 Loom
9:00 Feudal Age
11:43 Double-Bit Axe
12:28 Horse Collar
19:55 Wheelbarrow
19:06 Man-at-Arms
19:48 Scale Mail Armor
20:54 Gold Mining
21:46 Forging
24:48 Stone Mining
27:31 Castle Age
27:58 Long Swordsman
28:38 Squires
28:24 Arson
29:16 Iron Casting
28:56 Chain Mail Armor
28:04 Capped Ram
31:23 Gold Shaft Mining
30:38 Stone Mining
31:04 Bow Saw
30:55 Heavy Plow
31:12 Hand Cart
30:42 Town Watch
36:31 Imperial Age
36:37 Imperial Age
36:41 Two-Handed Swordsman
36:43 Siege Ram
37:57 Plate Mail Armor
38:27 Blast Furnace
38:40 Crop Rotation
39:11 Two-Man Saw
37:36 Champion
kraquen
0:50 Loom
19:01 Feudal Age
24:51 Double-Bit Axe
29:23 Horse Collar
34:53 Castle Age
34:42 Stone Mining
34:45 Gold Mining
35:28 Scale Mail Armor
35:39 Forging
35:06 Crossbowman
35:53 Fletching
36:04 Padded Archer Armor
36:24 Bow Saw
36:31 Bodkin Arrow
39:18 Leather Archer Armor
41:58 Heavy Plow
Garrón Husita
5:45 Loom
11:01 Feudal Age
14:52 Castle Age
12:56 Double-Bit Axe
14:56 Wheelbarrow
14:07 Horse Collar
16:14 Bow Saw
17:40 Heavy Plow
23:34 Hand Cart
23:36 Fervor
23:33 Gold Mining
25:30 Gold Shaft Mining
26:27 Stone Mining
26:32 Fletching
26:44 Padded Archer Armor
29:34 Imperial Age
26:55 Town Watch
27:57 Stone Shaft Mining
27:42 Bodkin Arrow
28:09 Ballistics
28:00 Masonry
28:48 Leather Archer Armor
28:40 Scale Barding Armor
28:45 Forging
31:19 Chemistry
30:21 Bracer
31:36 Parthian Tactics
32:18 Scale Barding Armor
32:25 Siege Engineers
32:44 Conscription
31:48 Elite Mangudai
32:27 Onager
33:59 Forging
35:09 Drill
36:00 Husbandry
36:18 Bloodlines
36:16 Thumb Ring
41:30 Siege Onager
Kuroko
1:27 Loom
19:14 Feudal Age
23:35 Castle Age
21:50 Double-Bit Axe
22:23 Horse Collar
25:30 Fervor
28:57 Bow Saw
29:25 Wheelbarrow
36:30 Imperial Age
35:54 Fletching
35:52 Pikeman
36:34 Padded Archer Armor
36:32 Bodkin Arrow
36:41 Elite Hussite Wagon
37:27 Scale Mail Armor
38:14 Forging
39:31 Chemistry
40:15 Iron Casting
40:05 Halberdier
41:21 Chain Mail Armor
42:45 Plate Mail Armor
43:16 Blast Furnace
42:46 Heavy Plow
43:04 Hand Cart
其色孤白
0:54 Loom
18:10 Feudal Age
18:52 Double-Bit Axe
18:48 Horse Collar
25:22 Castle Age
26:44 Bow Saw
26:49 Heavy Plow
27:27 Wheelbarrow
27:30 Gold Mining
30:29 Town Watch
31:39 Fletching
34:31 Imperial Age
32:37 Hand Cart
32:36 Stone Mining
33:23 Gold Shaft Mining
33:30 Bodkin Arrow
33:35 Padded Archer Armor
34:30 Town Patrol
36:21 Bloodlines
36:13 Husbandry
36:40 Parthian Tactics
36:20 Thumb Ring
36:46 Leather Archer Armor
msmatossms
0:27 Loom
17:42 Feudal Age
19:54 Wheelbarrow
23:21 Town Watch
29:17 Castle Age
38:50 Elite Skirmisher
41:43 Crossbowman
Zâbina
0:32 Loom
13:40 Feudal Age
14:29 Double-Bit Axe
16:43 Man-at-Arms
17:09 Arson
18:12 Horse Collar
20:53 Castle Age
22:25 Bow Saw
22:17 Heavy Plow
24:22 Fervor
26:18 Wheelbarrow
27:37 Hand Cart
31:49 Imperial Age
33:33 Two-Man Saw
31:59 Heavy Scorpion
32:47 Town Watch
32:54 Fletching
34:13 Conscription
34:24 Bodkin Arrow
34:30 Scale Mail Armor
34:42 Caravan
34:20 Pikeman
35:53 Halberdier
36:36 Squires
38:50 Rocketry
38:58 Bracer
Adar
9:54 Loom
11:55 Feudal Age
11:42 Horse Collar
11:49 Double-Bit Axe
17:22 Castle Age
17:00 Heavy Plow
17:12 Bow Saw
17:00 Gold Mining
20:24 Two-Man Saw
24:17 Wheelbarrow
26:02 Crop Rotation
26:53 Gold Shaft Mining
26:09 Stone Mining
28:21 Hand Cart
27:52 Town Watch
28:29 Hand Cart
33:20 Imperial Age
30:35 Treadmill Crane
31:08 Burgundian Vineyards
31:34 Fortified Wall
31:45 Ballistics
33:09 Scale Barding Armor
33:14 Forging
34:06 Husbandry
34:31 Chain Barding Armor
34:48 Conscription
35:52 Chemistry
37:20 Iron Casting
37:20 Plate Barding Armor
36:07 Cavalier
37:43 Scale Mail Armor
39:06 Light Cavalry
39:31 Paladin
41:12 Blast Furnace
40:28 Chain Mail Armor
40:47 Padded Archer Armor
41:08 Fletching
Connection lost

Rejoining the realm…

Still unreachable

The connection could not be restored.

Session expired

The server has moved on; the page needs a fresh start.